cohdb
Replays
Latest Replays
All Replays
Popular Replays
Top Player Replays
Match Explorer
How It Works
Community
CoH3 Stats
Reddit
Sign in to upload your games and track your stats! →
Sign in with Steam
Match 43066064
Unlisted
Match 43066064
Overview
Messages
Build Orders
End
Construct Infanterie Kompanie
Grenadier Squad
Grenadier Squad
Grenadier Squad
Pioneer Squad
Construct Luftwaffe Kompanie
MG 42 Machine Gun Team
Selects Contempt for the Weak
Jäger Squad
Flak 30 Anti-aircraft Gun Team
Selects Heavy Gunnery
Jäger Squad
Medical Station
221 Scout Car
Support Elements
Marder III M Tank Destroyer
Pioneer Squad
Grenadier Squad
221 Scout Car
Selects No Quarter
Grenadier Squad
Selects Mechanized Battlegroup
Selects Terror Battlegroup
CPU - 标准
CPU - 标准
CPU - 标准
XuZhongwei
Snipe
猛虎拜观音
0
0
Comments
sign in to comment!
No comments posted yet!